 Dungeon Crawl Stone Soup version 0.27.1-33-g824d729ab1 (webtiles) character file.

Game seed: 1608057026895852084

2723 ppttti the Skirmisher (level 9, -2/72 HPs)
             Began as a Demonspawn Abyssal Knight on Dec 12, 2021.
             Was a Priest of Lugonu.
             Slain by Pikel (17 damage)
             ... on level 8 of the Dungeon.
             The game lasted 00:29:19 (5716 turns).

ppttti the Skirmisher (Demonspawn Abyssal Knight)   Turns: 5716, Time: 00:29:20

Health: -2/72      AC:  7    Str: 21    XL:     9   Next: 40%
Magic:  13/14      EV: 15    Int: 14    God:    Lugonu [***...]
Gold:   396        SH:  0    Dex: 13    Spells: 15/15 levels left

rFire    . . .     SeeInvis .   d - +0 war axe
rCold    . . .     Faith    .   (no shield)
rNeg     + . .     Spirit   .   r - +0 scale mail
rPois    .         Reflect  .   (no helmet)
rElec    .         Harm     .   F - +0 cloak
rCorr    +         Rampage  .   (no gloves)
Will     .....                  f - +2 pair of boots {Stlth+}
Stlth    +.........             B - amulet of regeneration
HPRegen  1.22/turn              L - ring "Coderiwu" {rN+ Str+6 Slay+2}
MPRegen  0.14/turn              D - +4 ring of evasion

@: marked, corroded
A: hooves 1, yellow scales 3, spiny 1
a: Renounce Religion, Depart the Abyss, Bend Space, Banish


You were on level 8 of the Dungeon.
You worshipped Lugonu.
Lugonu was most pleased with you.
You visited 1 branch of the dungeon, and saw 8 of its levels.
You visited the Abyss 1 time.

You collected 429 gold pieces.
You spent 33 gold pieces at shops.

Inventory:

Hand Weapons
 a - a +1 hand axe
 d - a +0 war axe (weapon)
 I - a +2 whip of venom
 P - a +0 war axe
 T - the +4 dagger "Reqic" {vorpal, Will++ rCorr Dex+4}
   (You found it on level 6 of the Dungeon)

   It inflicts extra damage upon your enemies.
   Dex:       It affects your dexterity (+4).
   rCorr:     It protects you from acid and corrosion.
   Will:      It greatly increases your willpower.
Missiles
 h - 160 stones
 y - 4 throwing nets
Armour
 b - a +0 leather armour
 f - a +2 pair of boots of stealth (worn)
 i - a +0 ring mail
 r - a +0 scale mail (worn)
 F - a +0 cloak (worn)
 H - a +2 robe of cold resistance
 U - a scarf of shadows
Magical Staves
 R - a staff of death
Jewellery
 k - a ring of resist corrosion
 m - an amulet of the acrobat
 u - a ring of fire
 B - an amulet of regeneration (around neck)
 D - a +4 ring of evasion (right hand)
 K - a +4 ring of slaying
 L - the ring "Coderiwu" (left hand) {rN+ Str+6 Slay+2}
   (You found it on level 5 of the Dungeon)

   [ring of strength]

   Str:       It affects your strength (+6).
   Slay:      It affects your accuracy & damage with ranged weapons and melee
   (+2).
   rN:        It protects you from negative energy.
 M - a ring of protection from cold
 Q - an amulet of guardian spirit
Wands
 C - a wand of polymorph (5)
 O - a wand of flame (17)
Scrolls
 c - 4 scrolls of identify
 g - a scroll of summoning {unknown}
 j - a scroll of blinking {unknown}
 o - 2 scrolls of teleportation {unknown}
 t - 2 scrolls of torment {unknown}
 x - 2 scrolls of silence {unknown}
 z - 3 scrolls of amnesia
 A - 2 scrolls of enchant weapon {unknown}
 E - a scroll of vulnerability
 J - a scroll of fear {unknown}
 V - 2 scrolls of enchant armour {unknown}
Potions
 e - 3 potions of berserk rage {unknown}
 l - 2 potions of degeneration {unknown}
 n - 2 potions of attraction {unknown}
 p - a potion of ambrosia {unknown}
 q - 2 potions of curing
 s - 2 potions of lignification {unknown}
 v - a potion of haste {unknown}
 w - a potion of flight {unknown}
 G - 2 potions of brilliance {unknown}
 N - a potion of resistance {unknown}
 S - a potion of invisibility {unknown}
 W - a potion of might {unknown}


   Skills:
 * Level 7.3 Fighting
 * Level 6.2 Axes
 + Level 4.4 Armour
 + Level 4.2 Dodging
 - Level 3.5 Spellcasting
 + Level 6.3 Invocations


You had 15 spell levels left.
You didn't know any spells.
Your spell library contained the following spells:

 Spells                   Type           Power      Damage    Failure   Level
 Foxfire                  Conj/Fire      8%         2x1d4     47%         1
 Conjure Flame            Conj/Fire      2%         6-21      85%         3
 Dazzling Flash           Conj/Hex       4%         N/A       85%         3
 Inner Flame              Hex/Fire       2%         N/A       85%         3
 Iskenderun's Mystic Bla  Conj/Tloc      2%         2d3       99%         4
 Starburst                Conj/Fire      1%         6d3       100%        6


Dungeon Overview and Level Annotations

Branches:
Dungeon (8/15)             Temple (0/1) D:6
   Lair: D:8-11

Altars:

Shops:
D:2 *   D:7 *

Annotations:
D:7 Harold
D:8 Pikel
Abyss:1 Psyche


Innate Abilities, Weirdness & Mutations

You have large cloven feet.
You are completely covered in yellow scales. (AC +4, rCorr)
You are partially covered in sharp spines.


Message History

The lemure hits you but does no damage. x2
Pikel hits you with a +0 whip of electrocution.
* * * LOW HITPOINT WARNING * * *
The lemure hits you.
* * * LOW HITPOINT WARNING * * *
The lemure hits you!
* * * LOW HITPOINT WARNING * * *
You feel better. The lemure hits you but does no damage.
Pikel says, "You'll burn in Gehenna!"
Pikel hits you but does no damage.
The lemure hits you but does no damage. x2
You barely miss the lemure.
The lemure is heavily wounded.
You hit the lemure but do no damage. You closely miss Pikel.
You closely miss the lemure.
You feel less wooden.
Your +0 cloak unmelds from your body.
Your +2 pair of boots of stealth unmelds from your body.
Your +0 scale mail unmelds from your body.
You feel stealthy. The lemure completely misses you. Pikel barely misses you.
The lemure is struck by your spines. The lemure hits you.
* * * LOW HITPOINT WARNING * * *
The lemure is struck by your spines. The lemure completely misses you.
The lemure is struck by your spines. The lemure closely misses you.
You slash the lemure!
The lemure is heavily wounded.
The lemure hits you.
* * * LOW HITPOINT WARNING * * *
You hit the lemure.
The lemure is severely wounded.
You hit Pikel but do no damage.
Pikel is moderately wounded.
Pikel is struck by your spines.
Pikel hits you with a +0 whip of electrocution.
* * * LOW HITPOINT WARNING * * *
You slash Pikel!
Pikel is severely wounded.
Pikel hits you with a +0 whip of electrocution.
* * * LOW HITPOINT WARNING * * *
You are electrocuted!
You die...

## #. ### .##
.# ..#...###
##.. .#
#......@####.#
.#
#...####K55..##
.## #
##5J...#####
... #5..#.....#
##..#####.## #
#.5.# #.# ## #
#5..# ##.# .#..
#...## #..#
...# ...!.#
####


You could see Pikel, 4 lemures and a jelly.

Vanquished Creatures
  Grinder (D:5)
  2 vampire mosquitoes (D:5)
  Menkaure (D:4)
  An orc warrior (D:6)
  2 sky beasts
  An ice beast (D:7)
  A necrophage (D:6)
  2 ogres
  2 phantoms
  A bullfrog (D:8)
  Blork the orc (D:4)
  A gnoll sergeant (D:8)
  A kobold brigand (D:8)
  2 scorpions
  A water moccasin zombie (D:5)
  A water moccasin skeleton (D:4)
  A howler monkey (D:4)
  A bullfrog zombie (D:7)
  A centaur skeleton (D:7)
  4 orc priests
  A gnoll shaman (D:5)
  Ijyb (D:5)
  2 orc wizards
  2 scorpion zombies (D:5)
  A howler monkey zombie (D:5)
  Robin (D:4)
  7 gnolls
  4 adders
  A shadow imp (D:7)
  A white imp (D:8)
  An ufetubus (D:4)
  2 worms
  A dart slug (D:1)
  24 orcs
  A ball python (D:2)
  2 endoplasms
  A giant cockroach (D:1)
  10 goblins
  13 hobgoblins
  5 jackals
  2 quokkas
  6 bats
  A frilled lizard (D:2)
  4 kobolds
  3 rats
125 creatures vanquished.

Notes
Turn   | Place    | Note
-------+----------+-------------------------------------------
     0 | Abyss:1  | ppttti the Demonspawn Abyssal Knight began the quest for
                  | the Orb.
     0 | Abyss:1  | Reached XP level 1. HP: 18/18 MP: 2/2
   117 | Abyss:1  | Noticed an apocalypse crab
   122 | D:1      | Escaped the Abyss
   181 | D:1      | Found a faded altar of an unknown god.
   205 | D:1      | Reached skill level 1 in Dodging
   377 | D:1      | Gained mutation: You are partially covered in sharp spines.
                  | [demonic ancestry]
   377 | D:1      | Reached XP level 2. HP: 11/24 MP: 3/3
   775 | D:1      | Reached * piety under Lugonu
  1218 | D:2      | Found Fasih's General Store.
  1235 | D:2      | Bought a potion of curing for 33 gold pieces
  1351 | D:2      | Reached XP level 3. HP: 28/29 MP: 3/5
  2634 | D:3      | Reached XP level 4. HP: 35/35 MP: 6/6
  2639 | D:3      | Reached skill level 1 in Spellcasting
  2805 | D:4      | Noticed Robin
  2815 | D:4      | Killed Robin
  2815 | D:4      | Reached ** piety under Lugonu
  2856 | D:4      | Gained mutation: You have large cloven feet. [demonic
                  | ancestry]
  2856 | D:4      | Reached XP level 5. HP: 42/42 MP: 7/7
  3053 | D:4      | Noticed a sky beast
  3073 | D:4      | Killed a sky beast
  3074 | D:4      | Reached skill level 4 in Fighting
  3079 | D:4      | Gained mutation: You are partially covered in yellow
                  | scales. (AC +2) [demonic ancestry]
  3079 | D:4      | Reached XP level 6. HP: 48/48 MP: 8/8
  3129 | D:4      | Noticed Blork the orc
  3137 | D:4      | Killed Blork the orc
  3236 | D:4      | Noticed Menkaure
  3244 | D:4      | Killed Menkaure
  3277 | D:5      | Entered Level 5 of the Dungeon
  3351 | D:5      | Noticed a vampire mosquito
  3351 | D:5      | Noticed a vampire mosquito
  3366 | D:5      | Killed a vampire mosquito
  3367 | D:5      | Gained mutation: You are mostly covered in yellow scales.
                  | (AC +3) [demonic ancestry]
  3367 | D:5      | Reached XP level 7. HP: 48/55 MP: 10/10
  3371 | D:5      | Killed a vampire mosquito
  3372 | D:5      | Reached skill level 5 in Fighting
  3676 | D:5      | Identified the ring "Coderiwu" {rN+ Str+6 Slay+2}
  3685 | D:5      | Noticed Grinder
  3695 | D:5      | Killed Grinder
  3696 | D:5      | Gained mutation: You are completely covered in yellow
                  | scales. (AC +4, rCorr) [demonic ancestry]
  3696 | D:5      | Reached XP level 8. HP: 60/64 MP: 12/12
  3724 | D:5      | Reached *** piety under Lugonu
  3775 | D:5      | Reached skill level 5 in Invocations
  3870 | D:5      | Noticed Ijyb
  3875 | D:5      | Killed Ijyb
  3876 | D:5      | Reached skill level 6 in Fighting
  4098 | D:5      | Reached skill level 5 in Axes
  4336 | D:6      | Found a staircase to the Ecumenical Temple.
  4343 | D:6      | Identified the +4 dagger "Reqic" {vorpal, Will++ rCorr
                  | Dex+4}
  4929 | D:7      | Reached XP level 9. HP: 71/71 MP: 14/14
  5018 | D:7      | Noticed Harold
  5501 | D:8      | Noticed Psyche
  5501 | D:8      | Noticed Pikel
  5537 | D:7      | Reached skill level 7 in Fighting
  5598 | D:7      | Found Zinogah's General Store.
  5692 | D:8      | Banished Psyche
  5716 | D:8      | Slain by Pikel

Illustrated notes

Levels and vault maps discovered:
D:1:      saegor_arrival_simple_c, layout_basic,
          hellmonk_ecumenical_altar_lost_god
D:2:      layout_basic, serial_shops, nicolae_shop_statue_plus
D:3:      layout_basic
D:4:      layout_rooms, uniq_blork_the_orc, uniq_robin, uniq_menkaure
D:5:      layout_gridville, uniq_ijyb, uniq_grinder
D:6:      layout_layer_cave, minmay_temple_entry_overgrown
D:7:      layout_cave_pools, serial_shops, kennysheep_mini_moat,
          chequers_arboretum, uniq_harold
D:8:      layout_layer_cave, uniq_pikel, uniq_psyche

Skill      XL: |  1  2  3  4  5  6  7  8  9 |
---------------+----------------------------+-----
Dodging        | 1 2 3 4 |  4.2
Armour         | 2 3 4 |  4.4
Axes           | 2 3 4 5 6 |  6.2
Invocations    | 3 4 5 6 |  6.3
Spellcasting   | 1 2 3 |  3.5
Fighting       | 4 5 6 7 |  7.3

Action                   |  1- 3 |  4- 6 |  7- 9 || total
-------------------------+-------+-------+-------++-------
Melee: War axe           |   106 |    92 |   167 ||   365
Throw: Stone             |     4 |       |       ||     4
Invok: Depart the Abyss  |     1 |       |       ||     1
       Banish            |       |       |     1 ||     1
  Use: Scroll            |       |       |     2 ||     2
       Potion            |       |       |     2 ||     2
 Stab: Sleeping          |     1 |       |       ||     1
Armor: Ring mail         |    29 |       |       ||    29
       Scale mail        |    28 |    54 |    66 ||   148
       Skin              |       |       |    32 ||    32
Dodge: Dodged            |    57 |    83 |   124 ||   264
